 Dungeon Sprint DCSS version 0.29-a0-870-g2c972031a6 (webtiles) character file.

Game seed: 2402785571554797927

1024 mhtbhm the Basher (level 8, -3/56 HPs)
             Began as a Gargoyle Fighter on July 17, 2022.
             Was a Believer of Okawaru.
             Killed from afar by an acid dragon (19 damage)
             ... with a splash of acid
             ... in the Dungeon (Sprint IX: "|||||||||||||||||||||||||||||").
             The game lasted 00:01:02 (208 turns).

mhtbhm the Basher (Gargoyle Fighter)                 Turns: 208, Time: 00:01:03

Health: -3/56      AC: 18    Str: 22    XL:     8   Next: 22%
Magic:  7/11       EV: 10    Int: 12    God:    Okawaru [**....]
Gold:   0          SH:  5    Dex:  9    Spells: 7/7 levels left

rFire   . . .      SeeInvis .   a - +0 flail
rCold   . . .      Faith    .   c - +0 buckler
rNeg    + . .      Spirit   .   b - +1 scale mail
rPois   ∞          Reflect  .   (no helmet)
rElec   +          Harm     .   m - +0 cloak
rCorr   .          Rampage  .   (no gloves)
Will    .....      NoTele   +   (no boots)
Stlth   ..........              (no amulet)
HPRegen 0.18/turn               n - +2 ring of protection
MPRegen 0.12/turn               o - +3 ring of intelligence

@: mighty, hasted, very quick
A: sickness immunity, AC +5, negative energy resistance 1, electricity
resistance, torment resistance 1, petrification resistance
a: Renounce Religion, Heroism


You were in the Dungeon.
You worshipped Okawaru.
Okawaru was pleased with you.
You visited 1 branch

Inventory:

Hand Weapons
 a - a +0 flail (weapon)
Armour
 b - a +1 scale mail (worn)
 c - a +0 buckler (worn)
 m - a +0 cloak (worn)
Jewellery
 n - a +2 ring of protection (left hand)
 o - a +3 ring of intelligence (right hand)
Wands
 l - a wand of roots (8)
Scrolls
 j - 2 scrolls of blinking
 k - 2 scrolls of amnesia
Potions
 e - 5 potions of curing
 h - 4 potions of magic


   Skills:
 + Level 9.5 Fighting
 + Level 10.2 Maces & Flails
 + Level 9.4 Armour
 + Level 2.1 Dodging
 + Level 2.2 Stealth
 + Level 8.3 Shields
 * Level 4.3 Invocations
 + Level 1.1 Evocations


You had 7 spell levels left.
You didn't know any spells.
Your spell library was empty.

Dungeon Overview and Level Annotations

Branches:
Dungeon (1/1)

Altars:
Cheibriados
Dithmenos
Elyvilon
Fedhas
Gozag
Hepliaklqana
Kikubaaqudgha
Makhleb
Nemelex Xobeh
Okawaru
Qazlal
Ru
Sif Muna
Trog
Uskayaw
Vehumet
Wu Jian
Xom
Yredelemnul
Zin
The Shining One
Jiyva
Lugonu


Innate Abilities, Weirdness & Mutations

You are immune to sickness and miasma.
Your stone body is resilient. (AC +5)
You are immune to poison.
You resist negative energy. (rN+)
You are resistant to electric shocks. (rElec)
You are resistant to unholy torment.
You are immune to petrification.


Message History

The yak gores you.
You sock the yak!
The yak is almost dead.
The yak gores you but does no damage.
You hit the yak.
You kill the yak!
Okawaru accepts your kill.
Your Dodging skill increases to level 2!
Your Evocations skill increases to level 1!
You have reached level 8!
You feel stronger.
Unknown command.
Unknown command.
You hit the wyvern.
The wyvern is moderately wounded.
The wyvern closely misses you.
You bludgeon the wyvern!!
The wyvern is almost dead.
You block the wyvern's attack.
You sock the wyvern!
You kill the wyvern!
Okawaru accepts your kill.
Your Maces & Flails skill increases to level 10!
Your Stealth skill increases to level 2!
Your Invocations skill increases to level 4!
The orc warrior hits you with a +2 vorpal dire flail.
There is an open door to the Dungeon, spattered with blood here.
You see here a yak corpse.
You sock the orc warrior!
The orc warrior is heavily wounded.
The orc warrior hits you with a +2 vorpal dire flail!
* * * LOW HITPOINT WARNING * * *
You hit the orc warrior.
The orc warrior is heavily wounded.
You sock the orc warrior!
You kill the orc warrior!
Okawaru accepts your kill. The acid dragon spits acid at you.
The splash of acid hits you!!
You die... ▓▓▓▓▓▓▓▓▓▓▓▓▓▓▓▓▓▓▓▓▓▓▓▓ +....D)@..[[..)..'______ ▓▓▓▓▓▓▓▓▓▓▓▓▓▓▓▓▓▓▓▓▓▓▓▓

You could see an acid dragon (catching breath).

Vanquished Creatures
  An unseen horror (D)
  A komodo dragon (D)
  A wyvern (D)
  A yak (D)
  A water moccasin (D)
  An ice beast (D)
  An orc warrior (D)
  A jelly (D)
  An orc (D)
  2 endoplasms (D)
  A giant cockroach (D)
  A quokka (D)
  2 bats (D)
15 creatures vanquished.

Notes
Turn   | Place    | Note
-------+----------+-------------------------------------------
     0 | D        | mhtbhm the Gargoyle Fighter began the quest for the Orb.
     0 | D        | Reached XP level 1. HP: 14/14 MP: 1/1
    44 | D        | Noticed a jelly
    44 | D        | Noticed an ice beast
    44 | D        | Noticed a water moccasin
    52 | D        | Killed a water moccasin
    53 | D        | Reached skill level 4 in Maces & Flails
    53 | D        | Reached XP level 2. HP: 22/22 MP: 2/2
    53 | D        | Reached XP level 3. HP: 27/27 MP: 3/3
    53 | D        | Reached XP level 4. HP: 32/32 MP: 4/4
    62 | D        | Reached XP level 5. HP: 24/36 MP: 5/5
    68 | D        | Killed an ice beast
    69 | D        | Reached skill level 6 in Maces & Flails
    71 | D        | Reached XP level 6. HP: 41/44 MP: 6/6
   100 | D        | Found a snail-covered altar of Cheibriados.
   100 | D        | Found a shadowy altar of Dithmenos.
   100 | D        | Found a white marble altar of Elyvilon.
   100 | D        | Found a blossoming altar of Fedhas.
   100 | D        | Found an opulent altar of Gozag.
   101 | D        | Found a hazy altar of Hepliaklqana.
   102 | D        | Found a viscous altar of Jiyva.
   103 | D        | Found an ancient bone altar of Kikubaaqudgha.
   104 | D        | Found a corrupted altar of Lugonu.
   105 | D        | Found a burning altar of Makhleb.
   106 | D        | Found a sparkling altar of Nemelex Xobeh.
   107 | D        | Found an iron altar of Okawaru.
   108 | D        | Found a stormy altar of Qazlal.
   109 | D        | Found a sacrificial altar of Ru.
   110 | D        | Found a shimmering blue altar of Sif Muna.
   111 | D        | Found a bloodstained altar of Trog.
   112 | D        | Found a hide-covered altar of Uskayaw.
   113 | D        | Found a radiant altar of Vehumet.
   114 | D        | Found an ornate altar of the Wu Jian Council.
   115 | D        | Became a worshipper of Warmaster Okawaru
   116 | D        | Found a shimmering altar of Xom.
   117 | D        | Found a basalt altar of Yredelemnul.
   118 | D        | Found a glowing silver altar of Zin.
   119 | D        | Found a glowing golden altar of the Shining One.
   166 | D        | Noticed an acid dragon
   166 | D        | Noticed an orc warrior
   166 | D        | Noticed a wyvern
   166 | D        | Noticed a yak
   166 | D        | Noticed a komodo dragon
   192 | D        | Killed an unseen horror
   192 | D        | Reached * piety under Okawaru
   193 | D        | Reached skill level 8 in Maces & Flails
   193 | D        | Reached skill level 1 in Dodging
   193 | D        | Reached XP level 7. HP: 32/50 MP: 7/7
   196 | D        | Killed a komodo dragon
   196 | D        | Reached ** piety under Okawaru
   197 | D        | Reached skill level 9 in Maces & Flails
   197 | D        | Reached skill level 1 in Stealth
   201 | D        | Killed a yak
   202 | D        | Reached skill level 1 in Evocations
   202 | D        | Reached XP level 8. HP: 29/56 MP: 7/10
   204 | D        | Killed a wyvern
   205 | D        | Reached skill level 10 in Maces & Flails
   208 | D        | Killed from afar by an acid dragon

Illustrated notes

Levels and vault maps discovered:
D:        linesprint [early_d, line_temple, items_1, d_10, items_2, lair_1,
          lair_end, items_3, orc_1, orc_end, items_4, d_15, swamp_1, shoals_1,
          snake_1, spider_1, d_20, vaults_1, items_5, swamp_end, shoals_end,
          snake_end, spider_end, vaults_end, d_27, items_6, zot_1, zot_end,
          crypt_end, forest_end, elf_end, slime_end, tomb_end, abyss_end,
          pan_hell_end]

Skill      XL: |  1  2  3  4  5  6  7  8 |
---------------+-------------------------+-----
Fighting       | 6 7 8 9 |  9.5
Maces & Flails | 4 6 8 9 10 | 10.2
Armour         | 6 7 8 9 |  9.4
Shields        | 6 7 8 |  8.3
Dodging        | 1 2 |  2.1
Stealth        | 1 2 |  2.2
Invocations    | 3 4 |  4.3
Evocations     | 1 |  1.1

Action                   |  1- 3 |  4- 6 |  7- 9 || total
-------------------------+-------+-------+-------++-------
Melee: Flail             |    15 |    36 |    15 ||    66
Evoke: Wand              |       |     2 |       ||     2
  Use: Potion            |     1 |     6 |       ||     7
 Stab: Invisible         |       |       |     3 ||     3
Armor: Scale mail        |     6 |    28 |     2 ||    36
Dodge: Dodged            |     5 |     8 |     2 ||    15
Block: Buckler           |     5 |     8 |     1 ||    14

Table legend: (Time is in decaauts)
 A = Elapsed time spent in this place.
 B = Non-inter-level travel time spent in this place.
 C = Inter-level travel time spent in this place.
 D = Time resting spent in this place.
 E = Time spent auto-exploring this place.
 F = Levels seen in this place.
 G = Mean time per level.
                   A        B        C        D        E       F      G
               +--------+--------+--------+--------+--------+-----+--------+
         Total |    212 |    212 |      0 |     28 |     34 |   1 |  212.0 |
       Dungeon |    212 |    212 |      0 |     28 |     34 |   1 |  212.0 |
               +--------+--------+--------+--------+--------+-----+--------+

Top non-repeatable levels by time:
       D: 212 daAuts
